 Dungeon Crawl Stone Soup version 0.31.0-11-ge490571c62 (webtiles) character file.

Game seed: 16176235699167830217

13946 firemarshallily the Grappler (level 11, -11/119 HPs)
             Began as a Troll Shapeshifter on Feb 6, 2024.
             Was an Initiate of Gozag.
             Shot with an arrow by a centaur warrior (18 damage)
             ... on level 13 of the Dungeon.
             The game lasted 00:35:41 (9807 turns).

firemarshallily the Grappler (Troll Shapeshifter)   Turns: 9807, Time: 00:35:42

Health: -11/119    AC: 11    Str: 32    XL:     11   Next: 82%
Magic:  10/10      EV: 14    Int:  5    God:    Gozag
Gold:   1872       SH:  5    Dex: 14    Spells: 10/10 levels left

rFire   . .          .
                       - Unarmed
rCold   . . .        (shield currently unavailable)
rNeg    . . .        a - melded +2 animal skin
rPois   .            (helmet restricted)
rElec   .            G - +2 cloak
rCorr   .            (gloves unavailable)
SInv    .            (boots unavailable)
Will    .....        F - amulet of reflection
Stlth   +            t - +6 ring of dexterity
HPRegen 1.19/turn    B - +4 ring of protection
MPRegen 0.12/turn

%: reflection
@: flux-form, glowing, studying Armour
A: glow, contaminating, large, unfitting armour, claws 3, regeneration 1, shaggy
fur 1, tough skin 1, horns 1, iridescent scales 1, strong 1, sturdy frame 1
a: Begin Untransformation, Renounce Religion, Potion Petition, Call Merchant,
Bribe Branch


You were on level 13 of the Dungeon.
You worshipped Gozag.
Gozag was most pleased with you.
You were something dangerously unstable.
You visited 2 branches of the dungeon, and saw 14 of its levels.
You also visited: Ossuary.

You collected 3291 gold pieces.
You spent 1419 gold pieces at shops.

Inventory:

Missiles
 g - 3 datura-tipped darts
 j - 10 large rocks (quivered)
 o - 8 poisoned darts
 v - 11 boomerangs
 M - 6 javelins
 Q - 5 curare-tipped darts
Armour
 a - a +2 animal skin (melded)
 n - a +0 kite shield
 G - a +2 cloak (worn)
Jewellery
 t - a +6 ring of dexterity (left claw)
 z - a ring of positive energy
 B - a +4 ring of protection (right claw)
 F - an amulet of reflection (around neck)
 H - a ring of fire
 N - the ring of Free Expression {rPois rF+ MP+9 Dex+2}
   (You bought it in a shop on level 6 of the Dungeon)

   [ring of magical power]

   Dex+2:     It affects your dexterity (+2).
   rF+:       It protects you from fire.
   rPois:     It protects you from poison MP+9: It affects your magic capacity
   (+9).
Talismans
 c - a beast talisman
 d - a flux talisman (active)
 k - a maw talisman
 S - a blade talisman
Wands
 b - a wand of flame (24)
 e - a wand of polymorph (14)
 A - a wand of paralysis (16)
 O - a wand of roots (9)
 R - a wand of quicksilver (5)
Scrolls
 f - 6 scrolls of poison
 l - 2 scrolls of vulnerability
 p - 2 scrolls of butterflies
 q - 2 scrolls of revelation
 r - 6 scrolls of fog
 u - a scroll of immolation {unknown}
 x - 6 scrolls of teleportation
 y - 2 scrolls of amnesia {unknown}
 C - a scroll of fear {unknown}
 K - 2 scrolls of enchant armour
Potions
 h - 2 potions of curing
 i - 3 potions of enlightenment
 s - 4 potions of magic
 w - 2 potions of invisibility
 D - 2 potions of brilliance
 I - a potion of lignification
 L - 3 potions of ambrosia
Miscellaneous
 J - a lightning rod (4/4)


   Skills:
 * Level 10.4 Fighting
 - Level 1.5 Dodging
 * Level 12.5 Unarmed Combat
 + Level 8.5 Shapeshifting


You had 10 spell levels left.
You didn't know any spells.
Your spell library contained the following spells:

 Spells                   Type           Power      Damage    Failure   Level
 Ensorcelled Hibernation  Hex/Ice        0%         N/A       63%         2
 Passwall                 Erth           0%         N/A       85%         3
 Swiftness                Air            0%         N/A       85%         3
 Volatile Blastmotes      Fire/Tloc      0%         2d10      85%         3
 Fulminant Prism          Conj/Alch      0%         3d5       99%         4
 Iskenderun's Mystic Bla  Conj/Tloc      0%         2d3       99%         4
 Conjure Ball Lightning   Conj/Air       0%         3x3d6     100%        6
 Discord                  Hex            0%         N/A       100%        8
 Disjunction              Tloc           0%         N/A       100%        8


Dungeon Overview and Level Annotations

Branches:
Dungeon (13/15)            Temple (1/1) D:6            Lair (0/5) D:9
    Orc (0/2) D:10        Ossuary (visited)
 Vaults: D:13-14

Altars:
Ashenzari
Cheibriados
Dithmenos
Elyvilon
Fedhas
Gozag
Hepliaklqana
Kikubaaqudgha
Nemelex Xobeh
Okawaru
Qazlal
Ru
Sif Muna
Trog
Uskayaw
Vehumet
Wu Jian
Xom
Yredelemnul
Zin
The Shining One

Shops:
D:2 (   D:5 *([(   D:6 =   D:7 *   D:12 :


Innate Abilities, Weirdness & Mutations

You are something dangerously unstable.
You glow with magical radiation, making you easy to see and hit.
Foes you strike become dangerously contaminated with magical radiation.
You are incapable of wielding weapons or throwing items.
You are too large for most types of armour.
You have claws for hands.
Your natural rate of healing is unusually fast.
You are covered in fur. (AC +1)
You have tough skin. (AC +1)
You have a pair of small horns on your head.
You are partially covered in iridescent scales. (AC +2)
Your muscles are strong. (Str +4, Int/Dex -1)
Your movements are slightly less encumbered by armour. (ER -2)


Message History

The liquid fire burns you! The large slime creature misses you.
The slime creature closely misses you.
You mangle the large slime creature!!
You kill the large slime creature!
The liquid fire burns you!
* * * LOW HITPOINT WARNING * * *
The centaur warrior wields a +0 orcbow.
The centaur warrior shoots an arrow.
The arrow hits you!
* * * LOW HITPOINT WARNING * * *
The slime creature hits you.
* * * LOW HITPOINT WARNING * * *
You feel much better. The liquid fire burns you!
The centaur warrior shoots an arrow.
The arrow hits you.
* * * LOW HITPOINT WARNING * * *
The slime creature hits you but does no damage.
Blink to where?
Press: ? - help, Dir - move target
As you read the scroll of blinking, it crumbles to dust.
The liquid fire burns you!
* * * LOW HITPOINT WARNING * * *
You shake off some of the fire as you move.
The liquid fire burns you!
* * * LOW HITPOINT WARNING * * *
Okay, then.
Blink to where?
Press: ? - help, Dir - move target
As you read the scroll of blinking, it crumbles to dust.
The liquid fire burns you!
* * * LOW HITPOINT WARNING * * *
You shake off some of the fire as you move.
The liquid fire burns you!
* * * LOW HITPOINT WARNING * * *
You feel better. The liquid fire burns you!
* * * LOW HITPOINT WARNING * * *
You shake off the liquid fire.
The centaur warrior shoots an arrow.
The arrow hits you!!
You die...
Your body crumbles into a pile of gold.

..........ยง#
...........# .........#c#
#.........#############
.#.......................
...................###..
..........##.....#.....#
.................##....#
...............p.......##
...................##..<#
...........##..........##
.......................#
................#.....##
......#.#..#.##....##
..#...########.# #... ###
##.


You could see a centaur warrior.

Vanquished Creatures
  Rupert (D:12)
  Snorg (D:10)
  A two-headed ogre (D:10)
  A boulder beetle (D:11)
  Sonja (D:11)
  A cyclops (D:11)
  2 manticores
  Maurice (D:8)
  A slime creature (D:13)
  A gargoyle (D:11)
  An unseen horror (D:11)
  Psyche (D:9)
  A tengu conjurer (D:13)
  A hornet (D:9)
  3 trolls
  Prince Ribbit (D:5)
  3 wraiths
  A vampire (D:11)
  4 humans (D:13)
  3 yaks (D:12)
  A human (shapeshifter) (D:13)
  Menkaure (D:5)
  Eustachio (D:6)
  An acid dragon (D:10)
  3 water moccasins (D:7)
  A black bear (D:6)
  4 orc warriors
  2 sky beasts
  2 ice beasts (D:7)
  4 centaurs
  2 ogres
  A weeping skull (Ossuary)
  A phantom (D:4)
  7 bullfrogs
  An elf zombie (Ossuary)
  3 scorpions
  7 wights
  2 burial acolytes (Ossuary)
  5 killer bees (D:11)
  6 howler monkeys
  A centaur zombie (Ossuary)
  A human zombie (Ossuary)
  A hound (D:5)
  2 bombardier beetles
  5 orc priests
  2 jellies
  3 iguanas
  Ijyb (D:5)
  12 orc wizards
  5 hound zombies (Ossuary)
  2 mummies (Ossuary)
  A gnoll (D:1)
  7 adders
  3 white imps
  5 dart slugs
  40 orcs
  6 endoplasms
  4 giant cockroaches
  3 gnoll zombies (Ossuary)
  8 goblins
  8 hobgoblins
  5 jackals
  8 kobolds
  2 quokkas (D:1)
  8 ball pythons
  3 bats (D:1)
  A frilled lizard (D:2)
  2 orc zombies (Ossuary)
  14 rats
248 creatures vanquished.

Vanquished Creatures (others)
  An orc (D:10)
1 creature vanquished.

Grand Total: 249 creatures vanquished

Notes
Turn   | Place    | Note
-------+----------+-------------------------------------------
     0 | D:1      | firemarshallily the Troll Shapeshifter began the quest for
                  | the Orb.
     0 | D:1      | Reached XP level 1. HP: 18/18 MP: 0/0
   162 | D:1      | Reached skill level 1 in Fighting
   254 | D:1      | Reached XP level 2. HP: 6/27 MP: 1/1
   496 | D:1      | Reached XP level 3. HP: 33/33 MP: 2/2
  1086 | D:2      | Found a blossoming altar of Fedhas.
  1176 | D:2      | Found a faded altar of an unknown god.
  1181 | D:2      | Prayed at the altar of an unknown god.
  1181 | D:2      | Became a worshipper of Gozag Ym Sagoz the Greedy
  1374 | D:2      | Reached XP level 4. HP: 42/42 MP: 3/3
  1490 | D:2      | Found Nehaja's Weapon Boutique.
  1495 | D:2      | Bought 4 poisoned darts for 28 gold pieces
  1550 | D:2      | Reached skill level 4 in Unarmed Combat
  2024 | D:3      | Found a blossoming altar of Fedhas.
  2350 | D:4      | Noticed a phantom
  2354 | D:4      | Killed a phantom
  2355 | D:4      | Reached XP level 5. HP: 47/52 MP: 4/4
  2487 | D:4      | Found a shadowy altar of Dithmenos.
  2824 | D:4      | Reached XP level 6. HP: 60/61 MP: 5/5
  2907 | D:4      | Reached skill level 5 in Unarmed Combat
  3096 | D:4      | You fall into a shaft and drop 1 floor!
  3096 | D:5      | Entered Level 5 of the Dungeon
  3199 | D:5      | Found Hunweir's Weapon Emporium.
  3261 | D:5      | Found Wouptidgh's Antique Armour Shoppe.
  3310 | D:5      | Noticed Prince Ribbit
  3325 | D:5      | HP: 1/61 [Prince Ribbit (10)]
  3339 | D:5      | Killed Prince Ribbit
  3340 | D:5      | Reached XP level 7. HP: 70/70 MP: 6/6
  3460 | D:5      | Noticed Menkaure
  3467 | D:5      | Killed Menkaure
  3468 | D:5      | Reached skill level 6 in Unarmed Combat
  3542 | D:5      | Found Atusch's Assorted Antiques.
  3542 | D:5      | Noticed Ijyb
  3556 | D:5      | Killed Ijyb
  3571 | D:5      | Bought a scroll labelled DIAK ECLUALE for 20 gold pieces
  3571 | D:5      | Bought a glass ring for 100 gold pieces
  3571 | D:5      | Bought a scroll labelled TYNEOXO FOOCOXELL for 20 gold
                  | pieces
  3571 | D:5      | Bought a coppery potion for 18 gold pieces
  3571 | D:5      | Bought 3 scrolls labelled ZEOWUI UMITYT for 60 gold pieces
  3629 | D:5      | Found a white marble altar of Elyvilon.
  3762 | D:5      | Found Uhueshrie's Weapon Boutique.
  3773 | D:5      | Bought 3 datura-tipped darts for 37 gold pieces
  4076 | D:6      | Noticed Eustachio
  4082 | D:6      | Killed Eustachio
  4083 | D:6      | Reached skill level 5 in Fighting
  4083 | D:6      | Reached XP level 8. HP: 80/80 MP: 7/7
  4159 | D:6      | Found a staircase to the Ecumenical Temple.
  4208 | Temple   | Entered the Ecumenical Temple
  4246 | D:6      | Reached skill level 5 in Shapeshifting
  4252 | D:6      | Reached skill level 7 in Unarmed Combat
  4416 | D:6      | Found Yfouj's Jewellery Shop.
  4419 | D:6      | Bought an amulet of reflection for 420 gold pieces
  4613 | D:7      | Identified a scroll of acquirement
  4614 | D:7      | Acquired 889 gold pieces
  4648 | D:7      | Found a sand-covered staircase.
  4671 | Ossuary  | Entered an ossuary
  4846 | Ossuary  | Reached skill level 8 in Unarmed Combat
  4872 | Ossuary  | Reached XP level 9. HP: 89/89 MP: 8/8
  5080 | D:7      | Found a shimmering altar of Xom.
  5151 | D:7      | Found Qehemel's Wicked Wares.
  5159 | D:7      | Bought a scroll of torment for 123 gold pieces
  5543 | D:6      | Bought the ring of Free Expression {rPois rF+ MP+9 Dex+2}
                  | for 593 gold pieces
  5576 | D:7      | Reached skill level 9 in Unarmed Combat
  5718 | D:8      | Noticed Maurice
  5719 | D:8      | Paralysed by Maurice for 5 turns
  5723 | D:8      | Maurice stole 691 gold
  5728 | D:8      | Killed Maurice
  6116 | D:8      | Found a sacrificial altar of Ru.
  6329 | D:8      | Found an ornate altar of the Wu Jian Council.
  6461 | D:9      | Noticed Psyche
  6489 | D:9      | Reached XP level 10. HP: 19/104 MP: 6/9
  6494 | D:9      | Killed Psyche
  6811 | D:9      | Found a staircase to the Lair.
  7303 | D:9      | Found an opulent altar of Gozag.
  7386 | D:10     | Entered Level 10 of the Dungeon
  7386 | D:10     | Found a staircase to the Orcish Mines.
  7399 | D:9      | Reached skill level 10 in Unarmed Combat
  7582 | D:10     | Noticed a two-headed ogre
  7591 | D:10     | Killed a two-headed ogre
  7824 | D:10     | Noticed Snorg
  7840 | D:10     | Gained mutation: You sometimes lose your temper in combat.
                  | [potion of mutation]
  7840 | D:10     | Gained mutation: You have a pair of small horns on your
                  | head. [potion of mutation]
  7840 | D:10     | Gained mutation: Your movements are slightly less
                  | encumbered by armour. (ER -2) [potion of mutation]
  7840 | D:10     | Gained mutation: A frigid envelope surrounds you and
                  | freezes all who hurt you. [potion of mutation]
  7845 | D:10     | Killed Snorg
  7846 | D:10     | Reached skill level 11 in Unarmed Combat
  8285 | D:11     | Noticed Sonja
  8296 | D:11     | Killed Sonja
  8297 | D:11     | Reached XP level 11. HP: 74/115 MP: 10/10
  8555 | D:11     | Noticed a boulder beetle
  8579 | D:11     | Killed a boulder beetle
  8618 | D:11     | Lost mutation: You sometimes lose your temper in combat.
                  | [potion of mutation]
  8618 | D:11     | Lost mutation: A frigid envelope surrounds you and freezes
                  | all who hurt you. [potion of mutation]
  8618 | D:11     | Gained mutation: Your muscles are strong. (Str +4, Int/Dex
                  | -1) [potion of mutation]
  8618 | D:11     | Gained mutation: You are partially covered in iridescent
                  | scales. (AC +2) [potion of mutation]
  9095 | D:12     | Noticed Rupert
  9144 | D:12     | Found Zeaw's Self-Improvement Boutique.
  9223 | D:12     | Killed Rupert
  9224 | D:12     | Reached skill level 12 in Unarmed Combat
  9227 | D:12     | Reached skill level 10 in Fighting
  9788 | D:13     | Noticed a deep elf pyromancer
  9789 | D:13     | Noticed a centaur warrior
  9804 | D:13     | HP: 2/119 [burnt (14)]
  9807 | D:13     | Shot with an arrow by a centaur warrior

Illustrated notes

Levels and vault maps discovered:
D:1:      dpeg_cavernosity, layout_basic, minmay_octomino_c4
D:2:      layout_basic, basic_altar, serial_shops, shop,
          shapermc_ecumenical_altar_mp_urbaneastern, minmay_rat_gold_closets
D:3:      layout_basic, fedhas_altar_1
D:4:      layout_loops_corners, nicolae_dithmenos_shadow_blocks,
          lemuel_coloured_pillars_altar, minmay_misc_feat_secret_circle
D:5:      layout_loops_corners, lemuel_doored_altar, serial_shops, shop,
          nicolae_shop_rolling_square, shop, shop, uniq_menkaure, uniq_ijyb,
          uniq_prince_ribbit1
D:6:      layout_rooms, minmay_temple_entry_purple_smoke, serial_shops,
          nicolae_shop_real_fake_doors, uniq_eustachio
D:7:      layout_basic, mainiacjoe_overflow_chevrons,
          nicolae_ossuary_entry_ruins, nicolae_evil_shop
D:8:      layout_basic, nicolae_wu_jian_immortal_techniques,
          overflow_temple_1_default, minmay_door_square, uniq_maurice
D:9:      layout_basic, kennysheep_mini, dpeg_oklobed_lair, uniq_psyche
D:10:     layout_irregular_city, david_orc_2, hangedman_decor_growths,
          uniq_snorg
D:11:     layout_irregular_city, uniq_sonja
D:12:     layout_basic, serial_glass, glass_columns_a, glass_columns_a,
          glass_columns_b, glass_columns_c, glass_columns_a, glass_columns_c,
          nicolae_shop_self_help, uniq_rupert
D:13:     layout_cave_pools, grunt_vaults_entry_tiered
Temple:   eino_narrow_crystal_temple

Skill      XL: |  1  2  3  4  5  6  7  8  9 10 11 |
---------------+----------------------------------+-----
Fighting       | 1 2 3 4 5 6 7 9 10 | 10.4
Unarmed Combat | 4 5 6 8 9 11 12 | 12.5
Shapeshifting  | 4 5 6 7 8 |  8.5
Dodging        | |  1.5

Action                     |  1- 3 |  4- 6 |  7- 9 | 10-12 || total
---------------------------+-------+-------+-------+-------++-------
  Melee: Unarmed           |    99 |   129 |   224 |   204 ||   656
         Punch             |     1 |     4 |     8 |     3 ||    16
         Headbutt          |       |       |       |    32 ||    32
  Throw: Large rock        |       |     2 |     8 |     4 ||    14
  Evoke: Wand              |       |       |       |    18 ||    18
    Use: Scroll            |       |     3 |    11 |     7 ||    21
         Potion            |       |     5 |     2 |    10 ||    17
   Stab: Sleeping          |     1 |       |       |       ||     1
         Distracted        |       |       |     2 |     1 ||     3
         Invisible         |       |       |       |     1 ||     1
 Armour: Animal skin       |    55 |    70 |   124 |   100 ||   349
         Skin              |       |    18 |    12 |    65 ||    95
  Dodge: Dodged            |    28 |    57 |    85 |    99 ||   269
  Block: Other             |       |       |    30 |    25 ||    55
         Reflection        |       |       |     2 |       ||     2
   Form: Beast             |       |       |     2 |       ||     2
                           |       |       |     1 |       ||     1
         Flux              |       |       |       |     1 ||     1
